 Dungeon Crawl Stone Soup version 0.30-a0-149-g7f746667c4 (webtiles) character file.

Game seed: 4149163676320766060

182 bande the Covered (level 5, -1/33 HPs)
             Began as a Gargoyle Fighter on Sept 27, 2022.
             Slain by a quokka (4 damage)
             ... on level 3 of the Dungeon.
             The game lasted 00:04:50 (3119 turns).

bande the Covered (Gargoyle Fighter)                Turns: 3119, Time: 00:04:51

Health: -1/33      AC: 13    Str: 19    XL:     5   Next: 62%
Magic:  5/5        EV:  7    Int:  9    God:
Gold:   174        SH:  4    Dex: 11    Spells: 4/4 levels left

rFire   . . .      SeeInvis .    a - +0 war axe
rCold   . . .      Faith    .    c - +0 buckler
rNeg    + . .      Spirit   .    o - +0 chain mail
rPois   ∞          Reflect  .    (no helmet)
rElec   +          Harm     .    (no cloak)
rCorr   .          Rampage  .    (no gloves)
Will    .....                    (no boots)
Stlth   ..........               (no amulet)
HPRegen 0.11/turn                (no ring)
MPRegen 0.09/turn                (no ring)

@: no status effects
A: sickness immunity, AC +4, negative energy resistance 1, electricity
resistance, torment resistance 1, petrification resistance
a: no special abilities


You were on level 3 of the Dungeon.
You visited 1 branch of the dungeon, and saw 3 of its levels.

You collected 174 gold pieces.

Inventory:

Hand Weapons
 a - a +0 war axe (weapon)
 q - a +0 flail
Missiles
 f - 2 throwing nets (quivered)
Armour
 c - a +0 buckler (worn)
 o - a +0 chain mail (worn)
Jewellery
 j - a ring of wizardry
Scrolls
 b - 2 scrolls of summoning {unknown}
 g - 5 scrolls of identify {unknown}
 h - 2 scrolls of amnesia {unknown}
 l - a scroll of poison {unknown}
 n - a scroll of magic mapping {unknown}
 p - a scroll of blinking {unknown}
Potions
 d - 2 potions of might
 e - 3 potions of flight {unknown}
 i - a potion of cancellation {unknown}
 k - a potion of degeneration {unknown}
 m - a potion of brilliance {unknown}
 r - a potion of curing {unknown}


   Skills:
 + Level 3.9 Fighting
 + Level 3.6 Axes
 + Level 4.3 Armour
 + Level 1.1 Stealth
 + Level 3.8 Shields


You had 4 spell levels left.
You didn't know any spells.
Your spell library contained the following spells:

 Spells                   Type           Power      Damage    Failure   Level
 Shock                    Conj/Air       0%         1d3       99%         1
 Gell's Gravitas          Tloc           0%         N/A       100%        3
 Lesser Beckoning         Tloc           0%         N/A       100%        3
 Swiftness                Air            0%         N/A       100%        3
 Teleport Other           Tloc           0%         N/A       100%        3
 Airstrike                Air            0%         2d(0-16)  100%        4


Dungeon Overview and Level Annotations

Branches:
Dungeon (3/15)

Altars:
Trog
Yredelemnul
The Shining One

Shops:
D:3 =


Innate Abilities, Weirdness & Mutations

You are immune to sickness and miasma.
Your stone body is resilient. (AC +4)
You are immune to poison.
You resist negative energy. (rN+)
You are resistant to electric shocks. (rElec)
You are resistant to unholy torment.
You are immune to petrification.


Message History

You miss the frilled lizard. You hit the quokka but do no damage.
You block the orc's attack.
The frilled lizard completely misses you.
The quokka bites you.
* * * LOW HITPOINT WARNING * * *
The orc hits you from afar with a +0 trident.
* * * LOW HITPOINT WARNING * * *
The frilled lizard barely misses you.
You hit the frilled lizard.
You kill the frilled lizard!
You closely miss the quokka.
The quokka bites you but does no damage.
The orc barely misses you. The quokka barely misses you.
Found a bloodstained altar of Trog.
The quokka bites you but does no damage.
The orc closely misses you.
Things that are here:
a +0 dagger; an orc corpse You hit the orc.
The orc is heavily wounded.
You hit the quokka. The quokka barely misses you.
The orc hits you with a +0 trident.
* * * LOW HITPOINT WARNING * * *
The quokka bites you but does no damage.
You slash the orc!
You kill the orc!
You closely miss the quokka.
The quokka bites you but does no damage.
You barely miss the quokka.
The quokka is almost dead.
You block the quokka's attack.
The quokka bites you but does no damage.
You closely miss the quokka.
The quokka is almost dead.
The quokka bites you but does no damage.
The quokka completely misses you.
You miss the quokka.
The quokka is almost dead.
The quokka bites you.
You die...

## .. ###.# #...#
#...
######.r##########
.......@......∩.>#
##....))...#.###.#
#.....####.#.# #.#
...... #.### #)#
#.... ### #.# ♣...♣
###### #.# .._.
♣#<)..#####.## .##
...
♣.).....(##..#....
###
♣♣♣♣............#..#


You could see a quokka.

Vanquished Creatures
  2 orc priests
  Jessica (D:3)
  2 adders
  A worm (D:2)
  A dart slug (D:1)
  12 orcs
  4 bats
  7 endoplasms
  2 giant cockroaches
  7 goblins
  5 hobgoblins
  3 quokkas
  3 ball pythons
  3 frilled lizards
  4 kobolds
  3 rats
60 creatures vanquished.

Notes
Turn   | Place    | Note
-------+----------+-------------------------------------------
     0 | D:1      | bande the Gargoyle Fighter began the quest for the Orb.
     0 | D:1      | Reached XP level 1. HP: 14/14 MP: 1/1
   169 | D:1      | Reached XP level 2. HP: 17/19 MP: 2/2
   707 | D:1      | Reached XP level 3. HP: 23/23 MP: 3/3
  1335 | D:2      | Reached skill level 4 in Armour
  1689 | D:2      | Found a faded altar of an unknown god.
  2389 | D:2      | Reached XP level 4. HP: 21/29 MP: 4/4
  2686 | D:3      | Reached skill level 1 in Stealth
  2691 | D:3      | Reached XP level 5. HP: 30/33 MP: 5/5
  3017 | D:3      | Found a glowing golden altar of the Shining One.
  3019 | D:3      | Noticed an angel
  3024 | D:3      | Found a basalt altar of Yredelemnul.
  3026 | D:3      | Noticed a profane servitor
  3088 | D:3      | Found Mufay's Jewellery Boutique.
  3097 | D:3      | Noticed Jessica
  3099 | D:3      | Killed Jessica
  3114 | D:3      | Found a bloodstained altar of Trog.
  3119 | D:3      | Slain by a quokka

Illustrated notes

Levels and vault maps discovered:
D:1:      dpeg_arrival_boxorama, layout_basic
D:2:      layout_loops_ring, shapermc_ecumenical_altar_ellora,
          grunt_ministairs_7
D:3:      layout_basic, grunt_temple_overflow_holy_war,
          mainiacjoe_overflow_alcove_1, serial_shops, shop, uniq_jessica,
          uniq_terence

Skill      XL: |  1  2  3  4 |
---------------+-------------+-----
Axes           | 2 3 |  3.6
Armour         | 4 |  4.3
Stealth        | 1 |  1.1
Fighting       | |  3.9
Shields        | |  3.8

Action                   |  1- 3 |  4- 6 || total
-------------------------+-------+-------++-------
Melee: War axe           |   113 |    62 ||   175
Armor: Scale mail        |    50 |       ||    50
       Chain mail        |    19 |    74 ||    93
Dodge: Dodged            |    62 |    40 ||   102
Block: Buckler           |    22 |    23 ||    45

Table legend: (Time is in decaauts)
 A = Elapsed time spent in this place.
 B = Non-inter-level travel time spent in this place.
 C = Inter-level travel time spent in this place.
 D = Time resting spent in this place.
 E = Time spent auto-exploring this place.
 F = Levels seen in this place.
 G = Mean time per level.
                   A        B        C        D        E       F      G
               +--------+--------+--------+--------+--------+-----+--------+
         Total |   3193 |   3141 |     52 |    658 |   1960 |   3 | 1064.3 |
       Dungeon |   3193 |   3141 |     52 |    658 |   1960 |   3 | 1064.3 |
               +--------+--------+--------+--------+--------+-----+--------+

Top non-repeatable levels by time:
     D:2: 1496 daAuts
     D:1: 1220 daAuts
     D:3: 477 daAuts
